 Dungeon Crawl Stone Soup version 0.30.0-16-gbe6223bb7e (webtiles) character file.

Game seed: 8355445490309791555

447952 EnegeticOcto the Stormcaller (level 25, -3/198 HPs)
             Began as a Human Cinder Acolyte on May 20, 2023.
             Was a High Priest of Ignis.
             Killed from afar by a black draconian knight (16 damage)
             ... with a bolt of lightning
             ... led by a white draconian stormcaller
             ... on level 1 of the Realm of Zot.
             The game lasted 02:29:38 (98447 turns).

EnegeticOcto the Stormcaller (HuCA)                Turns: 98447, Time: 02:29:38

Health: -3/198     AC: 28    Str: 22    XL:     25   Next: 8%
Magic:  0/39       EV: 20    Int: 22    God:    Ignis [*****.]
Gold:   1950       SH: 18    Dex: 16    Spells: 24/58 levels left

rFire   + . .        a - staff of air "Fobb" {rElec rC+}
rCold   + + .        Q - +5 kite shield of Agoraphobia {Dex+4}
rNeg    . . .        k - +3 swamp dragon scales
rPois   +            b - +2 helmet "Naazyng" {rElec}
rElec   +            r - +4 cloak of the Northern Lights {Str+6}
rCorr   +            x - +2 pair of gloves
SInv    .            i - +3 pair of mountain boots {steadfast, rC+}
Will    ++...        s - amulet of magic regeneration
Stlth   +++          w - ring "Owkoimie" {rCorr EV+5 Stlth+}
HPRegen 0.53/turn    h - ring of willpower
MPRegen 0.66/turn

%: no passive effects
@: corroded, slowed, studying 2 skills, very slow
A: low MP 1
}: 3/15 runes: decaying, serpentine, slimy
a: Renounce Religion, Fiery Armour, Foxfire Swarm, Rising Flame


You were on level 1 of the Realm of Zot.
You worshipped Ignis.
Ignis was extremely pleased with you.
You visited 11 branches of the dungeon, and saw 48 of its levels.
You also visited: Trove, Ice Cave and Wizlab.

You collected 8379 gold pieces.
You spent 6429 gold pieces at shops.

Inventory:

Hand Weapons
 G - the +9 sling of the Crushed Beasts {elec, *Slow rF+ Will+ Str+3 Int+2}
   (You found it in an ice cave)

   Str:       It affects your strength (+3).
   Int:       It affects your intelligence (+2).
   rF:        It protects you from fire.
   *Slow:     It may slow you when you take damage.
   Will:      It increases your willpower.
Missiles
 H - 4 curare-tipped darts
 U - 2 throwing nets {!f}
Armour
 b - the +2 helmet "Naazyng" (worn) {rElec}
   (You found it in a treasure trove)

   rElec:     It insulates you from electricity.
 i - the +3 pair of mountain boots (worn) {steadfast, rC+}
   (You found it in a treasure trove)

   Steadfast: It prevents involuntary movement, except for blinking,
   teleportation, or banishment.
   rC:        It protects you from cold.
 k - +3 swamp dragon scales (worn)
   (You found it on level 4 of the Swamp)
 r - the +4 cloak of the Northern Lights (worn) {Str+6}
   (You found it in a treasure trove)

   Str:       It affects your strength (+6).
 x - a +2 pair of gloves (worn)
   (You found it on level 4 of the Dungeon)
 Q - the +5 kite shield of Agoraphobia (worn) {Dex+4}
   (You found it in a treasure trove)

   Dex:       It affects your dexterity (+4).
Magical Staves
 a - the staff of air "Fobb" (weapon) {rElec rC+}
   (You found it on level 5 of the Pits of Slime)

   [staff of air]

   Base accuracy: +5 Base damage: 5 Base attack delay: 1.2 This weapon's minimum
   attack delay (0.6) is reached at skill level 12.
   rC:        It protects you from cold.
   rElec:     It insulates you from electricity.
   It falls into the 'Staves' category.
   It is a one-handed weapon.
 P - the staff of death "Hofaolar" {rElec rC+ rN+ Str+3}
   (You found it on level 2 of the Depths)

   [staff of death]

   Base accuracy: +5 Base damage: 5 Base attack delay: 1.2 This weapon's minimum
   attack delay (0.6) is reached at skill level 12.
   Str:       It affects your strength (+3).
   rC:        It protects you from cold.
   rElec:     It insulates you from electricity.
   rN:        It protects you from negative energy.
   It falls into the 'Staves' category.
   It is a one-handed weapon.
Jewellery
 h - a ring of willpower (right hand)
   (You found it on level 5 of the Lair of Beasts)
 s - an amulet of magic regeneration (around neck)
   (You took it off a tengu conjurer on level 1 of the Depths)
 w - the ring "Owkoimie" (left hand) {rCorr EV+5 Stlth+}
   (You took it off a spriggan on level 1 of the Swamp)

   [ring of evasion]

   EV:        It affects your evasion (+5).
   rCorr:     It protects you from acid and corrosion.
   Stlth:     It makes you more stealthy.
 Z - the ring of Unac But {Wiz rElec rC- rCorr Stlth+}
   (You took it off a deep elf demonologist on level 3 of the Elven Halls)

   [ring of wizardry]

   It improves your spell success rate.
   rC:        It makes you vulnerable to cold.
   rElec:     It insulates you from electricity.
   rCorr:     It protects you from acid and corrosion.
   Stlth:     It makes you more stealthy.
Wands
 j - a wand of paralysis (37)
   (You found it on level 2 of the Dungeon)
 l - a wand of acid (36) {@v1}
   (You found it on level 1 of the Snake Pit)
 n - a wand of roots (41) {@v2}
   (You took it off Robin on level 2 of the Dungeon)
 O - a wand of digging (12) {@v3}
   (You found it in an ice cave)
 T - a wand of polymorph (15)
   (You found it on level 2 of the Lair of Beasts)
 W - a wand of mindburst (34)
   (You found it on level 1 of the Elven Halls)
Scrolls
 c - 15 scrolls of teleportation {@r3 !r}
 e - 11 scrolls of vulnerability
 o - 8 scrolls of poison
 p - 3 scrolls of blinking {@r4}
 v - 3 scrolls of torment
 y - a scroll of enchant armour
 E - 6 scrolls of magic mapping {@r5 !r}
 F - 9 scrolls of immolation
 I - 6 scrolls of fog {!r}
 L - 7 scrolls of amnesia
 R - a scroll of fear {!r}
Potions
 f - 14 potions of heal wounds {@q2 !q}
 g - 7 potions of attraction
 m - 7 potions of brilliance
 q - 3 potions of lignification {@q6}
 t - 4 potions of haste {@q4 !q}
 z - 7 potions of invisibility
 B - 8 potions of might {@q3 !q}
 C - 3 potions of resistance
 D - 30 potions of curing {@q1 !q}
 J - 6 potions of flight
 M - 4 potions of ambrosia
 N - 3 potions of cancellation
 V - 3 potions of mutation
Miscellaneous
 d - a phantom mirror
   (You found it on level 5 of the Lair of Beasts)
 A - a lightning rod (4/4)
   (You found it on level 2 of the Vaults)
 K - a tin of tremorstones (inert)
   (You found it on level 10 of the Dungeon)
 X - a box of beasts
   (You found it on level 1 of the Vaults)


   Skills:
 + Level 16.3 Fighting
 - Level 3.0 Polearms
 - Level 16.0 Armour
 - Level 10.0 Dodging
 - Level 5.0 Stealth
 - Level 13.0 Shields
 - Level 17.0 Spellcasting
 - Level 11.0 Conjurations
 - Level 8.0 Transmutations
 - Level 13.8 Fire Magic
 - Level 20.0 Air Magic
 - Level 12.0 Evocations


You had 24 spell levels left.
You knew the following spells:

 Your Spells              Type           Power      Damage    Failure   Level
a - Plasma Beam           Fire/Air       48%        2x1d68    1%          6
b - Fireball              Conj/Fire      32%        3d14      1%          5
c - Arcjolt               Conj/Air       46%        1d56      1%          5
d - Maxwell's Capacitive  Air            51%        ∞         12%         8
e - Sublimation of Blood  Necr           18%        N/A       10%         2
z - Irradiate             Conj/Tmut      28%        3d21      3%          5
V - Swiftness             Air            100%       N/A       0%          3

Your spell library contained the following spells:

 Spells                   Type           Power      Damage    Failure   Level
 Shock                    Conj/Air       100%       1d9       0%          1
 Beastly Appendage        Tmut           100%       N/A       1%          1
 Foxfire                  Conj/Fire      100%       2x1d9     1%          1
 Kiss of Death            Conj/Necr      100%       2d13      1%          1
 Magic Dart               Conj           100%       1d8       1%          1
 Cigotuvi's Dreadful Rot  Necr/Pois/Air  100%       N/A       1%          2
 Poisonous Vapours        Pois/Air       100%       N/A       1%          2
 Scorch                   Fire           100%       2d9       1%          2
 Searing Ray              Conj           100%       2d8       1%          2
 Wereblood                Tmut           52%        N/A       1%          2
 Hailstorm                Conj/Ice       42%        3d10      1%          3
 Ignite Poison            Fire/Tmut/Pois 50%        N/A       1%          3
 Mephitic Cloud           Conj/Pois/Air  77%        N/A       1%          3
 Vhi's Electric Charge    Tloc/Air       100%       N/A       1%          3
 Volatile Blastmotes      Fire/Tloc      98%        2d18      1%          3
 Airstrike                Air            51%        2d(8-24)  1%          4
 Sticky Flame             Conj/Fire      65%        2d8       1%          4
 Freezing Cloud           Conj/Ice/Air   38%        6-21      2%          5
 Spider Form              Tmut/Pois      36%        N/A       3%          3
 Silence                  Hex/Air        38%        N/A       3%          5
 Apportation              Tloc           36%        N/A       6%          1
 Freeze                   Ice            72%        1d8       6%          1
 Sandblast                Erth           36%        2d10      6%          1
 Starburst                Conj/Fire      32%        6d10      6%          6
 Fulminant Prism          Conj/Hex       21%        3d12      7%          4
 Iskenderun's Mystic Bla  Conj/Tloc      42%        2d10      7%          4
 Blade Hands              Tmut           26%        N/A       7%          5
 Call Imp                 Summ           36%        N/A       10%         2
 Lesser Beckoning         Tloc           36%        N/A       10%         2
 Petrify                  Tmut/Erth      36%        N/A       12%         4
 Call Canine Familiar     Summ           18%        N/A       19%         3
 Gell's Gravitas          Tloc           18%        N/A       19%         3
 Ozocubu's Armour         Ice            18%        N/A       19%         3
 Portal Projectile        Hex/Tloc       36%        N/A       19%         3
 Summon Guardian Golem    Hex/Summ       18%        N/A       19%         3
 Teleport Other           Tloc           18%        N/A       19%         3
 Tukima's Dance           Hex            18%        N/A       19%         3
 Vampiric Draining        Necr           18%        2d7       19%         3
 Alistair's Intoxication  Tmut/Pois      24%        N/A       34%         5
 Yara's Violent Unravell  Hex/Tmut       18%        3d9       34%         5
 Orb of Destruction       Conj           30%        9d10      52%         7
 Anguish                  Hex/Necr       9%         N/A       54%         4
 Animate Armour           Summ/Erth      36%        N/A       54%         4
 Animate Dead             Necr           18%        N/A       54%         4
 Cause Fear               Hex            9%         N/A       54%         4
 Dispel Undead            Necr           18%        3d11      54%         4
 Leda's Liquefaction      Hex/Erth       9%         N/A       54%         4
 Iron Shot                Conj/Erth      21%        9d5       71%         6
 Ignition                 Fire           34%        3d10      82%         8
 Borgnjor's Vile Clutch   Necr/Erth      9%         N/A       87%         5
 Lee's Rapid Deconstruct  Erth           9%         3d7*      87%         5
 Metabolic Englaciation   Hex/Ice        9%         N/A       87%         5
 Summon Forest            Summ/Tloc      9%         N/A       87%         5
 Summon Mana Viper        Hex/Summ       18%        N/A       87%         5
 Eringya's Noxious Bog    Tmut/Pois      18%        N/A       88%         6
 Statue Form              Tmut/Erth      24%        N/A       88%         6
 Dragon Form              Tmut           26%        N/A       90%         7
 Spellforged Servitor     Conj/Summ      21%        N/A       99%         7
 Death Channel            Necr           9%         N/A       100%        6
 Simulacrum               Ice/Necr       9%         N/A       100%        6
 Enfeeble                 Hex            9%         N/A       100%        7
 Haunt                    Necr/Summ      9%         N/A       100%        7
 Malign Gateway           Summ/Tloc      9%         N/A       100%        7
 Borgnjor's Revivificati  Necr           9%         N/A       100%        8
 Necromutation            Tmut/Necr      18%        N/A       100%        8
 Death's Door             Necr           9%         N/A       100%        9
 Dragon's Call            Summ           9%         N/A       100%        9


Dungeon Overview and Level Annotations

Branches:
Dungeon (15/15) Zot: 19593  Temple (0/1) D:6            Lair (5/5) D:9 Zot: 20431
  Swamp (4/4) Lair:3 Zot: 16450   Snake (4/4) Lair:3 Zot: 12673   Slime (5/5) Lair:4 Zot: 23834
    Orc (2/2) D:10 Zot: 7832     Elf (3/3) Orc:2 Zot: 10015  Vaults (4/5) D:14 Zot: 13833
  Crypt (1/3) Vaults:2 Zot: 5679  Depths (4/4) D:15 Zot: 15726     Zot (1/5) Depths:4 Zot: 5980
  IceCv (visited)          WizLab (visited)

Altars:
Ashenzari
Dithmenos
Elyvilon
Fedhas
Okawaru
Qazlal
Ru
Sif Muna
Trog
Uskayaw
Vehumet
Wu Jian
Zin
The Shining One
Jiyva

Shops:
D:6 [   D:7 *   D:9 :   D:11 :   D:15 *   Orc:1 :   Orc:2 [:![   Elf:2 **=
Snake:3 =   Snake:4 [**?   Depths:1 :==

Portals:
Hell: Depths:1 Depths:2 Depths:3 Depths:4
Abyss: Depths:2 Depths:3 Depths:4
Pandemonium: Depths:2
Ziggurat: Depths:3
Bazaar: Vaults:2

Annotations:
D:4 1 runed translucent door, exclusion: door, Crazy Yiuf
D:10 1 runed translucent door
D:15 Roxanne
Swamp:1 2 transporters, rlgrobin's ghost, journeyman DsFi
Elf:2 3 runed translucent doors, exclusion: door
Depths:1 2 runed translucent doors, fedoskokos's ghost, journeyman MiHu
Zot:1 1 runed translucent door, Sebriys's ghost, legendary TrBe


Innate Abilities, Weirdness & Mutations

Your magical capacity is low. (-10% MP)


Message History

You block the tentacled monstrosity's attack.
The tentacled monstrosity constricts you.
The yellow draconian annihilator is engulfed in blazing flames.
Flame seeps out of the yellow draconian annihilator.
The yellow draconian annihilator gestures wildly while chanting.
The yellow draconian annihilator blinks!
Flame seeps out of something.
Something hits you!!
You feel your power leaking away.
You hear a roar!
You hear a deafening roar!
Your box of beasts has recharged.
You escape the tentacled monstrosity's grasp.
Flame seeps out of something.
The yellow draconian annihilator is engulfed in blazing flames.
Flame seeps out of the yellow draconian annihilator.
Flame seeps out of something.
A bolt of lightning appears from out of thin air!
The bolt of lightning hits you! You resist. The bolt of lightning misses you.
The tentacled monstrosity is engulfed in blazing flames.
Flame seeps out of the tentacled monstrosity.
The yellow draconian annihilator is engulfed in blazing flames.
Flame seeps out of the yellow draconian annihilator.
You hear a roar! x8; You hear a chilling moan.
You hear a roar!
Really quaff
f - 15 potions of heal wounds {@q2 !q}?
You feel much better.
The tentacled monstrosity is engulfed in blazing flames.
Flame seeps out of the tentacled monstrosity.
The tentacled monstrosity tentacle-slaps you!
The tentacled monstrosity barely misses you.
The tentacled monstrosity tentacle-slaps you.
You block the tentacled monstrosity's attack.
Something hits you!
You feel your power leaking away.
The green draconian is engulfed in blazing flames.
Flame seeps out of the green draconian.
The tentacled monstrosity is engulfed in blazing flames.
Flame seeps out of the tentacled monstrosity.
You block the tentacled monstrosity's attack.
The tentacled monstrosity tentacle-slaps you but does no damage.
The tentacled monstrosity misses you. The tentacled monstrosity grabs you.
The tentacled monstrosity constricts you.
Flame seeps out of something.
Something hits you but does no damage.
The tremorstone explodes into fragments!
The burst of rock shards engulfs the green draconian but does no damage.
The burst of rock shards engulfs the tentacled monstrosity!
Flame seeps out of the tentacled monstrosity.
The burst of rock shards engulfs the yellow draconian annihilator!!
Flame seeps out of the yellow draconian annihilator.
The burst of rock shards engulfs something but does no damage. x2
The burst of rock shards engulfs the green draconian.
Flame seeps out of the green draconian.
The burst of rock shards engulfs the death cob!!
The burst of rock shards engulfs the tentacled monstrosity!!
Flame seeps out of the tentacled monstrosity.
The burst of rock shards engulfs the yellow draconian annihilator!!
Flame seeps out of the yellow draconian annihilator.
The burst of rock shards engulfs something but does no damage.
The burst of rock shards engulfs the death cob!
The burst of rock shards engulfs the tentacled monstrosity!!
The burst of rock shards engulfs the yellow draconian annihilator.
Flame seeps out of the yellow draconian annihilator.
The burst of rock shards engulfs the green draconian!
Flame seeps out of the green draconian.
The burst of rock shards engulfs you but does no damage.
The burst of rock shards engulfs something but does no damage.
The burst of rock shards engulfs the yellow draconian annihilator.
Flame seeps out of the yellow draconian annihilator.
The burst of rock shards engulfs the green draconian.
Flame seeps out of the green draconian.
The burst of rock shards engulfs you but does no damage.
The burst of rock shards engulfs the death cob!
The tin is emptied!
The tentacled monstrosity explodes!
The fiery explosion engulfs you!! You resist.
* * * LOW HITPOINT WARNING * * *
The fiery explosion engulfs the death cob!!
The death cob is almost destroyed.
The fiery explosion engulfs the yellow draconian annihilator!!
The fiery explosion engulfs something!!!
Flame seeps out of something.
The fiery explosion engulfs the green draconian!!
Flame seeps out of the green draconian.
The green draconian is severely wounded.
The yellow draconian annihilator explodes!
The fiery explosion engulfs something!
Flame seeps out of something.
You are engulfed in blazing flames.
You resist.
* * * LOW HITPOINT WARNING * * *
You hear a deafening roar!
You hear a roar! x2; You hear a deafening roar!
You hear a roar! x3
The death cob is engulfed in blazing flames. x2
You destroy the death cob!
Flame seeps out of something.
Something hits you!!
* * * LOW HITPOINT WARNING * * *
You feel your power leaking away.
The green draconian is engulfed in blazing flames.
Flame seeps out of the green draconian.
A green draconian comes into view. It is wielding a +0 halberd.
Flame seeps out of something.
A bolt of lightning appears from out of thin air!
The bolt of lightning misses you. The bolt of lightning hits you! You resist.
You die...

#....##
#####......#
#P8P#......#
#[[W#§§§...#
..
##+##))§..
...##..§§§☼§
......§{d#
#..§§○##...
###@☼○§.....
####......
..d... ..?..
..... ..$.
#...


You could see 2 draconians and Sebriys's ghost.

Vanquished Creatures
  the Royal Jelly (Slime:5)
  Mara (Depths:1)
  Frederick (Depths:4)
  Sojobo (Depths:1)
  Margery (Depths:4)
  Saint Roka (Snake:2)
  3 golden dragons
  Nikola (Depths:1)
  A pearl dragon (Depths:2)
  A bone dragon (Depths:4)
  Jorgrun (Swamp:1)
  A tentacled monstrosity (Zot:1)
  14 acid blobs
  Mlioglotl (Snake:4)
  2 deep elf master archers (Elf:3)
  2 deep elf blademasters (Elf:3)
  Gastronok (Orc:1)
  A quicksilver dragon (Depths:3)
  5 sphinxes
  A tentacled starspawn (WizLab)
  3 death cobs
  Kirke (D:15)
  A storm dragon (Depths:4)
  2 thorn hunters (Swamp:4)
  2 shadow dragons
  6 azure jellies
  4 tengu reavers
  7 nagarajas
  9 rockslimes
  Donald (Vaults:3)
  2 draconian scorchers (Depths:4)
  5 fire giants
  5 deep elf sorcerers
  Louise (Swamp:3)
  2 orc warlords (Vaults:4)
  10 vault wardens
  10 frost giants
  2 iron dragons
  Aizul (Elf:1)
  4 deep elf elementalists (Elf:3)
  An ophan (Depths:2)
  A draconian annihilator (Zot:1)
  10 ironbound preservers
  A spriggan defender (Depths:2)
  9 stone giants
  10 quicksilver oozes
  3 demonspawn corrupters (WizLab)
  A draconian stormcaller (Zot:1)
  9 ironbound thunderhulks
  A war gargoyle (Vaults:3)
  8 deep elf demonologists (Elf:3)
  An apis (Depths:2)
  28 very ugly things
  3 vampire knights
  Azrael (D:12)
  A green draconian (Depths:4)
  3 white draconians
  A black draconian (Depths:4)
  2 eleionomae
  A yellow draconian (Depths:4)
  7 deep elf annihilators (Elf:3)
  4 dire elephants (Vaults:2)
  2 spark wasps (Depths:2)
  3 bunyips
  A red draconian (Depths:4)
  8 ettins
  8 deep elf death magi
  A crystal guardian (Vaults:3)
  A shambling mangrove (Swamp:2)
  6 fire dragons
  3 deep elf high priests
  2 jiangshi (Depths:1)
  Harold (Lair:2)
  2 entropy weavers (Vaults:1)
  9 great orbs of eyes
  14 hydras
  5 yaktaur captains
  8 ice dragons
  5 rakshasas
  3 peacekeepers
  10 vault guards
  A caustic shrike simulacrum (Depths:1)
  4 salamander tyrants
  An ogre mage (D:14)
  A ghost crab (Lair:3)
  15 ironbound frosthearts
  9 two-headed ogres
  6 catoblepae
  A merfolk aquamancer (WizLab)
  6 anacondas
  Erica (Orc:1)
  4 alligators
  7 dancing weapons
  5 deep troll shamans
  6 boulder beetles
  6 death yaks
  2 deep troll earth magi
  11 centaur warriors
  6 tengu warriors
  15 naga warriors
  4 spriggan berserkers
  3 vampire magi
  3 hell hogs (Depths:3)
  10 naga sharpshooters
  A soul eater (D:15)
  A shock serpent (shapeshifter) (D:15)
  11 deep elf knights
  8 hell knights
  2 sun demons (D:15)
  6 shock serpents
  3 iron trolls (Depths:4)
  A sixfirhy (D:15)
  A skyshark (Lair:5)
  9 skeletal warriors
  48 deep trolls
  2 sea snakes (Snake:4)
  6 swamp dragons (Swamp:4)
  A fire crab (Lair:4)
  2 goliath frogs
  8 spriggan druids
  4 glowing orange brains
  4 salamander mystics
  Lodul (D:10)
  A flayed ghost (Depths:1)
  12 deep elf archers
  3 naga ritualists (Snake:4)
  A bog body (Swamp:1)
  9 necromancers
  A spectral hydra (Lair:3)
  16 ironbound convokers
  6 orc knights
  5 lindwurms (Vaults:2)
  12 wizards
  2 orange crystal statues
  15 deep elf zephyrmancers
  4 mana vipers
  21 deep elf pyromancers
  A sphinx skeleton (Depths:1)
  5 cyclopes
  13 salamanders
  7 shining eyes
  2 orc sorcerers
  6 worldbinders (WizLab)
  55 ugly things
  4 will-o-the-wisps
  A shadow dragon skeleton (Crypt:1)
  6 manticores
  3 guardian serpents
  31 black mambas
  A rust devil (D:15)
  10 naga magi
  4 eyes of devastation
  15 vault sentinels
  2 torpor snails
  A smoke demon (D:15)
  4 molten gargoyles (D:14)
  3 gargoyles (D:12)
  A steelbarb worm zombie (Crypt:1)
  Joseph (D:9)
  6 cane toads
  15 rime drakes
  A yaktaur (shapeshifter) (D:14)
  16 yaktaurs
  3 ice devils (D:15)
  5 komodo dragons
  6 tengu conjurers
  A red devil (D:15)
  A spriggan skeleton (Depths:1)
  7 trolls
  A wolf spider simulacrum (D:15)
  3 meliai (D:15)
  23 polar bears
  3 hornets
  3 bloated husks
  A hellwing (D:15)
  7 tyrant leeches
  Grinder (D:5)
  6 blink frogs
  A tarantella (shapeshifter) (Depths:4)
  96 slime creatures
  8 dream sheep (Lair:5)
  A centaur simulacrum (D:14)
  2 air elementals
  A jumping spider (Vaults:1)
  A shadow (D:12)
  2 water elementals
  6 fire elementals
  3 wraiths
  50 yaks
  2 wyverns
  3 hogs (D:15)
  5 spriggans
  A golden eye (Slime:5)
  Menkaure (D:5)
  A basilisk (Lair:3)
  2 chaos spawn
  51 nagas
  A steam dragon (D:7)
  9 redbacks
  12 swamp worms
  26 vampire mosquitoes
  2 wargs
  5 acid dragons
  3 hell hounds (D:12)
  Duvessa (D:4)
  7 water moccasins
  7 swamp drakes
  2 black bears
  4 ice beasts
  36 orc warriors
  A sky beast (D:8)
  3 ettin simulacra (Depths:3)
  18 ogres
  4 boggarts
  9 wolves
  22 centaurs
  Blork the orc (D:4)
  3 kobold brigands
  3 gnoll sergeants
  13 bullfrogs
  12 wights
  7 earth elementals
  4 scorpions
  Dowan (D:4)
  6 killer bees (D:9)
  3 electric eels
  2 howler monkeys (D:10)
  A wolf skeleton (Crypt:1)
  3 jellies
  10 orc priests
  Ijyb (D:4)
  3 hounds
  2 iguanas
  20 orc wizards
  A deep dwarf skeleton (Crypt:1)
  Robin (D:2)
  10 adders
  15 gnolls
  3 white imps
  2 ufetubi (D:14)
  A worm (D:2)
  A worm (shapeshifter) (WizLab)
  A dart slug (D:2)
  69 orcs
  2 ball pythons
  7 bats
  10 endoplasms
  6 giant cockroaches
  14 goblins
  4 hobgoblins
  6 kobolds
  3 quokkas
  3 frilled lizards
  4 rats
1623 creatures vanquished.

Vanquished Creatures (collateral kills)
  A rockslime (Slime:1)
  A draconian annihilator (Zot:1)
  A white draconian (Zot:1)
  A yellow draconian (Zot:1)
  7 foxfires
11 creatures vanquished.

Vanquished Creatures (others)
  A spriggan (Depths:3)
  A wizard (Vaults:3)
  2 bloated husks
  A hornet (Depths:3)
  A slime creature (Slime:2)
  A fire elemental (Elf:1)
  2 humans (D:15)
  An orc warrior (Orc:1)
  338 foxfires
  2 starspawn tentacles (WizLab)
350 creatures vanquished.

Grand Total: 1984 creatures vanquished

Notes
Turn   | Place    | Note
-------+----------+-------------------------------------------
     0 | D:1      | EnegeticOcto the Human Cinder Acolyte began the quest for
                  | the Orb.
     0 | D:1      | Reached XP level 1. HP: 18/18 MP: 2/2
    67 | D:1      | Reached skill level 1 in Stealth
   115 | D:1      | Reached XP level 2. HP: 24/24 MP: 3/3
   123 | D:1      | Learned a level 2 spell: Scorch
   140 | D:1      | Reached skill level 2 in Stealth
   457 | D:1      | Reached XP level 3. HP: 29/29 MP: 1/4
   678 | D:1      | Reached skill level 3 in Stealth
  1149 | D:2      | Found a hide-covered altar of Uskayaw.
  1246 | D:2      | Reached XP level 4. HP: 34/35 MP: 0/6
  1840 | D:2      | Got the Tome of Massed Quicksand
  2096 | D:2      | Reached skill level 2 in Spellcasting
  2238 | D:2      | Reached XP level 5. HP: 39/41 MP: 8/8
  2275 | D:2      | Noticed Robin
  2352 | D:2      | Reached skill level 4 in Fire Magic
  3181 | D:2      | Killed Robin
  3239 | D:2      | Found a hide-covered altar of Uskayaw.
  4059 | D:3      | Found a faded altar of an unknown god.
  4178 | D:3      | Reached skill level 5 in Fire Magic
  4178 | D:3      | Reached XP level 6. HP: 47/47 MP: 9/9
  4368 | D:3      | You fall into a shaft and drop 2 floors!
  4368 | D:5      | Entered Level 5 of the Dungeon
  4522 | D:4      | Noticed Duvessa
  4854 | D:4      | Noticed Ijyb
  4859 | D:4      | Killed Ijyb
  5030 | D:4      | Noticed Blork the orc
  5040 | D:4      | Killed Blork the orc
  5041 | D:4      | Reached skill level 6 in Fire Magic
  5108 | D:4      | Noticed Dowan
  5302 | D:4      | Found a runed translucent door.
  5303 | D:4      | Noticed Crazy Yiuf
  5331 | D:4      | Killed Duvessa
  5332 | D:4      | Reached skill level 2 in Evocations
  5332 | D:4      | Reached XP level 7. HP: 49/52 MP: 10/10
  5344 | D:4      | Killed Dowan
  5345 | D:4      | Reached skill level 3 in Evocations
  5505 | D:4      | Found a blossoming altar of Fedhas.
  5578 | D:4      | Found a broken altar of Ashenzari.
  5579 | D:4      | Found a glowing silver altar of Zin.
  5862 | D:4      | Found a shadowy altar of Dithmenos.
  6091 | D:5      | Reached skill level 4 in Fighting
  6155 | D:5      | Noticed a water moccasin
  6169 | D:5      | Killed a water moccasin
  6170 | D:5      | Reached XP level 8. HP: 60/60 MP: 11/11
  6275 | D:5      | Noticed Menkaure
  6281 | D:5      | Killed Menkaure
  6282 | D:5      | Reached skill level 7 in Fire Magic
  6441 | D:5      | Noticed Grinder
  6450 | D:5      | Killed Grinder
  6451 | D:5      | Reached skill level 5 in Fighting
  6451 | D:5      | Reached skill level 4 in Stealth
  7203 | D:6      | Found Aphisug's Antique Armour Emporium.
  7213 | D:6      | Bought a heavily runed leather armour for 203 gold pieces
  7213 | D:6      | Identified the +1 leather armour of the Hills {Dex+3} (You
                  | bought it in a shop on level 6 of the Dungeon)
  7286 | D:6      | Found a sacrificial altar of Ru.
  7390 | D:6      | Found a staircase to the Ecumenical Temple.
  7415 | D:6      | Reached skill level 6 in Fighting
  7415 | D:6      | Reached skill level 5 in Stealth
  7498 | D:6      | Reached XP level 9. HP: 68/69 MP: 10/12
  7997 | D:6      | Reached skill level 3 in Spellcasting
  8173 | D:7      | Reached skill level 4 in Evocations
  8553 | D:7      | Found a white marble altar of Elyvilon.
  8680 | D:7      | Reached skill level 7 in Fighting
  8739 | D:7      | Found Qiube's Assorted Antiques.
  8749 | D:7      | Bought a glowing yellow potion for 17 gold pieces
  8784 | D:7      | Found a radiant altar of Vehumet.
  8835 | D:7      | Reached skill level 5 in Evocations
  9654 | D:6      | Bought a shimmering ring mail for 261 gold pieces
  9654 | D:6      | Identified the +6 ring mail of Axohemed {Drain Str+6 Int+2
                  | Stlth+} (You bought it in a shop on level 6 of the Dungeon)
  9733 | D:8      | Reached skill level 8 in Fighting
  9733 | D:8      | Reached skill level 1 in Armour
  9860 | D:8      | Reached skill level 2 in Armour
 10029 | D:8      | Reached skill level 1 in Shields
 10198 | D:8      | Reached skill level 3 in Armour
 10198 | D:8      | Reached XP level 10. HP: 80/80 MP: 14/14
 10250 | D:8      | Reached skill level 2 in Shields
 10422 | D:8      | Reached skill level 3 in Shields
 10427 | D:8      | Reached skill level 4 in Armour
 10433 | D:8      | Reached skill level 4 in Shields
 10793 | D:8      | Found a shimmering blue altar of Sif Muna.
 10998 | D:9      | Found Vutitid's Book Boutique.
 11030 | D:9      | Noticed Joseph
 11043 | D:9      | Reached skill level 5 in Shields
 11044 | D:9      | Killed Joseph
 11058 | D:9      | Reached skill level 6 in Shields
 11066 | D:9      | Reached skill level 4 in Spellcasting
 11348 | D:9      | Found a glowing golden altar of the Shining One.
 11371 | D:8      | Reached skill level 8 in Fire Magic
 11440 | D:9      | Identified the +8 falchion "Luymna" {freeze, Stlth+}
 11535 | D:9      | Found a stormy altar of Qazlal.
 11673 | D:9      | Found a staircase to the Lair.
 11822 | D:10     | Entered Level 10 of the Dungeon
 11864 | D:10     | Reached XP level 11. HP: 86/86 MP: 18/18
 11916 | D:10     | Reached skill level 5 in Spellcasting
 12342 | D:10     | Noticed Lodul
 12362 | D:10     | Killed Lodul
 12493 | D:9      | Reached skill level 9 in Fire Magic
 12551 | D:10     | Noticed a manticore
 12564 | D:10     | Killed a manticore
 12565 | D:10     | Reached skill level 6 in Spellcasting
 12709 | D:10     | Noticed a sixfirhy
 12710 | D:10     | Found a runed translucent door.
 12796 | D:10     | Reached skill level 10 in Fire Magic
 13167 | D:10     | Noticed a two-headed ogre
 13174 | D:10     | Killed a two-headed ogre
 13450 | D:10     | Found a staircase to the Orcish Mines.
 13453 | D:10     | Reached skill level 7 in Shields
 13459 | D:10     | Reached skill level 7 in Spellcasting
 13629 | Lair:1   | Entered Level 1 of the Lair of Beasts
 13783 | Lair:1   | You fall into a shaft and drop 1 floor!
 13792 | Lair:2   | Reached skill level 1 in Air Magic
 13797 | Lair:2   | Reached XP level 12. HP: 66/92 MP: 16/22
 14009 | Lair:1   | Reached skill level 2 in Air Magic
 14322 | Lair:1   | Reached skill level 8 in Shields
 14322 | Lair:1   | Reached skill level 3 in Air Magic
 14710 | Lair:1   | Reached skill level 8 in Spellcasting
 14719 | Lair:1   | Reached skill level 4 in Air Magic
 15246 | D:9      | Bought a book of Fire for 660 gold pieces
 15253 | D:9      | Learned a level 6 spell: Plasma Beam
 15255 | D:9      | Learned a level 1 spell: Foxfire
 15261 | D:9      | Learned a level 5 spell: Fireball
 15638 | D:7      | Bought a glass ring for 95 gold pieces
 15762 | Lair:2   | Reached skill level 9 in Shields
 15881 | Lair:2   | Reached skill level 5 in Air Magic
 15990 | Lair:2   | Noticed Harold
 16004 | Lair:2   | Killed Harold
 16415 | Lair:3   | Noticed a catoblepas
 16491 | Lair:3   | Found a radiant altar of Vehumet.
 16888 | Lair:3   | Killed a catoblepas
 16889 | Lair:3   | Reached skill level 6 in Air Magic
 17213 | Lair:3   | Found a staircase to the Snake Pit.
 17319 | Lair:3   | Noticed an eight-headed hydra
 17327 | Lair:3   | Killed an eight-headed hydra
 17406 | Lair:3   | Reached skill level 10 in Shields
 17406 | Lair:3   | Reached XP level 13. HP: 70/94 MP: 21/25
 17408 | Lair:3   | Noticed a ghost crab
 17417 | Lair:3   | Killed a ghost crab
 17418 | Lair:3   | Reached skill level 7 in Air Magic
 17510 | Lair:3   | Found a staircase to the Swamp.
 17946 | Lair:4   | Found a runed translucent door.
 17946 | Lair:4   | Found a viscous altar of Jiyva.
 17946 | Lair:4   | Found a staircase to the Slime Pits.
 18149 | Lair:4   | Reached skill level 8 in Air Magic
 18344 | Lair:4   | Noticed a catoblepas
 18513 | Lair:4   | Killed a catoblepas
 18514 | Lair:4   | Reached skill level 9 in Air Magic
 19010 | Lair:4   | Noticed a six-headed hydra
 19018 | Lair:4   | Killed a six-headed hydra
 19019 | Lair:4   | Reached skill level 10 in Air Magic
 19396 | Lair:5   | Entered Level 5 of the Lair of Beasts
 19611 | Lair:5   | Noticed an eight-headed hydra
 19620 | Lair:5   | Killed an eight-headed hydra
 20048 | Lair:5   | Reached skill level 9 in Spellcasting
 20215 | Lair:5   | Reached skill level 11 in Fire Magic
 20784 | D:6      | Bought a shiny helmet for 217 gold pieces
 21277 | D:11     | Found Xucathro's Book Shoppe.
 21706 | D:11     | Reached XP level 14. HP: 105/105 MP: 27/27
 24166 | Orc:1    | Entered Level 1 of the Orcish Mines
 24167 | Orc:1    | Noticed Erica
 24172 | Orc:1    | Reached skill level 10 in Spellcasting
 24177 | Orc:1    | Killed Erica
 24188 | Orc:1    | Reached skill level 12 in Fire Magic
 24387 | Orc:1    | Found Veytt's Book Boutique.
 24602 | Orc:2    | Entered Level 2 of the Orcish Mines
 24612 | Orc:2    | Reached skill level 1 in Conjurations
 24628 | Orc:2    | Reached skill level 2 in Conjurations
 24779 | Orc:1    | Reached skill level 3 in Conjurations
 25200 | Orc:2    | Found a staircase to the Elven Halls.
 25465 | Orc:2    | Reached skill level 4 in Conjurations
 26268 | Orc:1    | Noticed Gastronok
 26283 | Orc:1    | Killed Gastronok
 26284 | Orc:1    | Reached skill level 5 in Conjurations
 26815 | Orc:2    | Reached skill level 6 in Conjurations
 27715 | Orc:2    | Reached skill level 9 in Fighting
 27958 | Orc:2    | Found Faugh's Book Boutique.
 27958 | Orc:2    | Found Yfuilajo's Distillery.
 27960 | Orc:2    | Found Cefrod's Antique Armour Shoppe.
 27962 | Orc:2    | Found Cice's Antique Armour Shop.
 27967 | Orc:2    | Bought a potion of heal wounds for 60 gold pieces
 27977 | Orc:2    | Bought a potion of haste for 120 gold pieces
 27977 | Orc:2    | Bought 2 potions of invisibility for 192 gold pieces
 28065 | Orc:2    | Bought a buckler for 99 gold pieces
 31054 | D:14     | Found a frozen archway.
 31067 | D:14     | Reached skill level 10 in Fighting
 31067 | D:14     | Reached XP level 15. HP: 84/115 MP: 29/29
 31116 | IceCv    | Entered an ice cave
 31206 | IceCv    | Reached skill level 11 in Air Magic
 32262 | IceCv    | Reached skill level 12 in Air Magic
 33063 | IceCv    | Reached skill level 13 in Air Magic
 33831 | IceCv    | Noticed a frost giant
 33837 | IceCv    | Killed a frost giant
 33838 | IceCv    | Noticed a frost giant
 33844 | IceCv    | Killed a frost giant
 34068 | IceCv    | Reached skill level 14 in Air Magic
 34202 | IceCv    | Got the Volume of the Cemetery
 34207 | IceCv    | Identified the +9 sling of the Crushed Beasts {elec, *Slow
                  | rF+ Will+ Str+3 Int+2}
 35144 | D:14     | Reached skill level 15 in Air Magic
 35144 | D:14     | Reached XP level 16. HP: 118/122 MP: 11/30
 35412 | D:14     | Found an iron altar of Okawaru.
 35967 | D:14     | Found a gate to the Vaults.
 36644 | D:15     | Entered Level 15 of the Dungeon
 37657 | D:15     | Noticed Kirke
 37659 | D:15     | Killed Kirke
 37660 | D:15     | Reached skill level 11 in Fighting
 37939 | D:15     | Reached skill level 11 in Spellcasting
 38057 | D:15     | Reached skill level 13 in Fire Magic
 38446 | D:15     | Identified Roxanne's Book of Variation
 38446 | D:15     | Noticed Roxanne
 38766 | D:15     | Learned a level 6 spell: Iron Shot
 38875 | D:15     | a stone giant changed into an azure jelly
 38875 | D:15     | Noticed an azure jelly (glowing shapeshifter)
 39000 | D:15     | Noticed a shadow dragon
 39017 | D:15     | Noticed a frost giant
 39227 | D:15     | an iron troll changed into an iron dragon
 39227 | D:15     | Noticed an iron dragon (glowing shapeshifter)
 39927 | Lair:5   | Reached XP level 17. HP: 133/133 MP: 17/32
 40369 | Swamp:1  | Entered Level 1 of the Swamp
 40377 | Swamp:1  | Noticed Jorgrun
 40382 | Swamp:1  | Killed Jorgrun
 40747 | Swamp:1  | Reached skill level 12 in Fighting
 41301 | D:9      | Bought a book of Alchemy for 420 gold pieces
 41307 | D:9      | Learned a level 5 spell: Irradiate
 41409 | Snake:1  | Entered Level 1 of the Snake Pit
 41816 | Snake:1  | Reached skill level 1 in Transmutations
 42164 | Snake:1  | Reached skill level 2 in Transmutations
 42602 | Snake:1  | Reached skill level 3 in Transmutations
 42703 | Snake:1  | Reached skill level 7 in Conjurations
 43558 | Snake:2  | Noticed Saint Roka
 43738 | Snake:2  | Killed Saint Roka
 43739 | Snake:2  | Reached skill level 4 in Transmutations
 44731 | Snake:2  | Reached skill level 8 in Conjurations
 44731 | Snake:2  | Reached skill level 5 in Transmutations
 44953 | Snake:2  | Identified the ring of Eghykh {Fly rElec Str+6}
 45968 | Snake:3  | Reached skill level 6 in Transmutations
 46511 | Snake:3  | Reached skill level 9 in Conjurations
 46682 | Snake:3  | Reached XP level 18. HP: 140/140 MP: 4/33
 46979 | Snake:3  | Found Garaideh's Jewellery Shop.
 47028 | Snake:3  | Bought an amulet of reflection for 510 gold pieces
 47084 | Snake:3  | Found a glowing golden altar of the Shining One.
 47647 | Snake:3  | Reached skill level 7 in Transmutations
 48350 | Snake:4  | Entered Level 4 of the Snake Pit
 48766 | Snake:4  | Reached skill level 10 in Conjurations
 48767 | Snake:4  | Reached skill level 8 in Transmutations
 48893 | Snake:4  | Reached skill level 12 in Spellcasting
 49315 | Snake:4  | Reached skill level 11 in Shields
 50201 | Snake:4  | Found Opseor's CLEARANCE SALE!.
 50209 | Snake:4  | Bought a potion of resistance for 70 gold pieces
 50581 | Snake:4  | Reached skill level 12 in Shields
 50965 | Snake:4  | Noticed Mlioglotl
 50974 | Snake:4  | Killed Mlioglotl
 51720 | Snake:4  | Got a serpentine rune of Zot
 51862 | Snake:4  | Found Meufreor's Antique Armour Boutique.
 51864 | Snake:4  | Found Zegukk's Assorted Antiques.
 51867 | Snake:4  | Found Haucrieg's Magic Scroll Boutique.
 52326 | Swamp:1  | Reached skill level 13 in Shields
 52373 | Swamp:1  | Found a transporter.
 52377 | Swamp:1  | Found a bloodstained altar of Trog.
 52379 | Swamp:1  | Noticed rlgrobin's ghost (journeyman DsFi)
 52410 | Swamp:1  | Found a transporter.
 52485 | Swamp:1  | Reached skill level 1 in Dodging
 52490 | Swamp:1  | Identified the ring "Owkoimie" {rCorr EV+5 Stlth+}
 52937 | Swamp:2  | Reached skill level 2 in Dodging
 53593 | Swamp:2  | Reached skill level 3 in Dodging
 53799 | Snake:4  | Bought a pair of embroidered boots for 247 gold pieces
 54457 | Swamp:2  | Reached skill level 4 in Dodging
 54663 | Swamp:2  | You fall into a shaft and drop 1 floor!
 55432 | Swamp:3  | Reached XP level 19. HP: 144/146 MP: 16/35
 55835 | Swamp:3  | Noticed Louise
 56335 | Swamp:3  | Killed Louise
 56845 | Swamp:4  | Entered Level 4 of the Swamp
 57152 | Swamp:4  | Reached skill level 5 in Armour
 59346 | Swamp:4  | Got a decaying rune of Zot
 59387 | Swamp:4  | Identified the +1 dagger of the Final Decision {heavy,
                  | Str+2}
 59726 | Elf:1    | Entered Level 1 of the Elven Halls
 60319 | Elf:1    | Reached skill level 6 in Armour
 60419 | Elf:1    | Reached skill level 11 in Conjurations
 60871 | Elf:1    | Reached skill level 13 in Spellcasting
 61300 | Elf:1    | Noticed Aizul
 61311 | Elf:1    | Killed Aizul
 61886 | Elf:1    | Found Axtionit's One-of-a-Kind Books.
 62001 | Elf:2    | Reached skill level 6 in Evocations
 62162 | Elf:2    | Found a runed translucent gate.
 62228 | Elf:2    | Found a runed translucent gate.
 62228 | Elf:2    | Found a runed translucent gate.
 62259 | Elf:2    | Found Fucsisiu's Fabulous Fripperies.
 62493 | Elf:2    | Found Lotit's Jewellery Shop.
 62734 | Elf:2    | Found Itut's Assorted Antiques.
 63165 | Elf:3    | Entered Level 3 of the Elven Halls
 63247 | Elf:3    | Reached skill level 7 in Evocations
 63542 | Elf:3    | Found a radiant altar of Vehumet.
 63580 | Elf:3    | Reached skill level 13 in Fighting
 63909 | Elf:3    | Reached XP level 20. HP: 156/156 MP: 31/37
 64298 | Elf:3    | Reached skill level 8 in Evocations
 64424 | Elf:3    | Noticed a Hell Sentinel
 65313 | Elf:3    | Found a radiant altar of Vehumet.
 65537 | Elf:3    | Identified the ring of Unac But {Wiz rElec rC- rCorr
                  | Stlth+}
 66076 | Elf:3    | Reached skill level 14 in Fighting
 66797 | Elf:3    | Identified the +4 leather armour of Pan-Flutes {Dex+3}
 66797 | Elf:3    | Identified the ring "Justonox" {rElec AC+4 Str+4}
 67161 | Elf:3    | Noticed a Brimstone Fiend
 67163 | Elf:3    | Reached skill level 15 in Fighting
 67440 | Elf:3    | Identified the +0 helmet "Ludwydgh" {rCorr}
 67604 | Elf:3    | Learned a level 5 spell: Arcjolt
 67613 | Elf:3    | Learned a level 8 spell: Maxwell's Capacitive Coupling
 68152 | Snake:4  | Bought a scroll of magic mapping for 240 gold pieces
 68154 | Snake:4  | Bought a scroll of teleportation for 57 gold pieces
 68457 | Vaults:1 | Entered Level 1 of the Vaults
 68606 | D:15     | Found a staircase to the Depths.
 68770 | D:15     | Found Neidunky's Neck Hole.
 69552 | D:12     | Noticed Azrael
 69564 | D:12     | Killed Azrael
 70466 | Vaults:1 | Reached skill level 5 in Dodging
 70906 | Vaults:1 | Reached skill level 7 in Armour
 71566 | Vaults:1 | Reached skill level 6 in Dodging
 72465 | Vaults:1 | Reached XP level 21. HP: 168/168 MP: 25/38
 72466 | Vaults:1 | Reached skill level 8 in Armour
 73245 | Vaults:2 | Reached skill level 7 in Dodging
 73400 | Vaults:2 | Reached skill level 9 in Armour
 73540 | Vaults:2 | Reached skill level 16 in Air Magic
 74489 | Vaults:2 | Reached skill level 10 in Armour
 74905 | Vaults:2 | Reached skill level 8 in Dodging
 75023 | Vaults:2 | Found a gateway to a bazaar.
 75230 | Vaults:2 | Found a staircase to the Crypt.
 75636 | Vaults:3 | Noticed Donald
 75641 | Vaults:3 | Killed Donald
 75753 | Vaults:3 | Reached skill level 11 in Armour
 76491 | Vaults:3 | Reached skill level 12 in Armour
 77087 | Vaults:3 | Reached skill level 17 in Air Magic
 77372 | Vaults:3 | Reached skill level 13 in Armour
 77385 | Vaults:3 | Reached XP level 22. HP: 172/175 MP: 6/39
 78068 | Vaults:4 | Identified the +2 robe "Vuyluy" {rF- rN+ Int+3}
 78808 | Vaults:4 | Identified the +3 trident "Olool" {freeze, rC++ Dex+4}
 78811 | Vaults:4 | Reached skill level 18 in Air Magic
 79350 | Vaults:4 | Found a portal to a secret trove of treasure.
 79363 | Vaults:4 | You paid a toll of 5 scrolls of fear to enter a treasure
                  | trove
 79364 | Trove    | Entered a treasure trove
 79367 | Trove    | Found the +3 pair of mountain boots {steadfast, rC+}
 79369 | Trove    | Identified the +0 pair of gloves of the Stars {Str+5}
 79370 | Trove    | Identified the +2 helmet "Naazyng" {rElec}
 79382 | Trove    | Identified the +5 kite shield of Agoraphobia {Dex+4}
 79383 | Trove    | Identified the +2 chain mail of Soom {rCorr}
 79398 | Trove    | Identified the +4 cloak of the Northern Lights {Str+6}
 79399 | Trove    | Identified the +0 tower shield of Fiull {Fly Regen+ rCorr
                  | Stlth-}
 79404 | Trove    | Identified the +0 ring mail of Delightful Life {rC+}
 80896 | Depths:1 | Entered Level 1 of the Depths
 81315 | Crypt:1  | Entered Level 1 of the Crypt
 82015 | Crypt:1  | Noticed an ancient lich
 82400 | Depths:1 | Found a gateway to Hell.
 82437 | Depths:1 | Noticed Nikola
 82444 | Depths:1 | Killed Nikola
 82714 | Depths:1 | Found Wuewo's Book Boutique.
 82714 | Depths:1 | Found Bexaol's Jewellery Shoppe.
 82715 | Depths:1 | Found Hikhah's Jewellery Shoppe.
 83089 | Depths:1 | Found an ornate altar of the Wu Jian Council.
 83113 | Depths:1 | Noticed Sojobo
 83114 | Depths:1 | Reached skill level 14 in Armour
 83184 | Depths:1 | Reached skill level 9 in Dodging
 83516 | Depths:1 | Noticed Mara
 83531 | Depths:1 | Noticed EnegeticOcto's illusion
 83539 | Depths:1 | Killed Mara
 83694 | Depths:1 | Killed Sojobo
 83781 | Depths:1 | Found a runed translucent door.
 83783 | Depths:1 | Found a runed translucent door.
 83783 | Depths:1 | Noticed a dread lich
 83784 | Depths:1 | Noticed fedoskokos's ghost (journeyman MiHu)
 84495 | Depths:2 | Noticed a pearl dragon
 84500 | Depths:2 | Killed a pearl dragon
 84706 | Depths:2 | Found a one-way gate to the infinite horrors of the Abyss.
 84748 | Depths:2 | Reached XP level 23. HP: 181/181 MP: 8/40
 84750 | Depths:2 | Reached skill level 19 in Air Magic
 84957 | Depths:2 | Found a one-way gate leading to the halls of Pandemonium.
 85051 | Depths:2 | Reached skill level 14 in Spellcasting
 85161 | Depths:2 | Reached skill level 10 in Dodging
 85409 | Depths:2 | Found a glowing golden altar of the Shining One.
 85409 | Depths:2 | Found a glowing silver altar of Zin.
 85409 | Depths:2 | Found a white marble altar of Elyvilon.
 85602 | Depths:2 | Identified the +7 rapier of Oqiatise {freeze, rCorr Str-4
                  | Dex+2}
 86050 | Depths:2 | Identified the +0 short sword of Lizxuvysh {pain, Fly rElec
                  | Str-3}
 86086 | Depths:2 | Identified the staff of death "Hofaolar" {rElec rC+ rN+
                  | Str+3}
 86087 | Depths:2 | Identified the staff of conjuration "Narriah" {rF+ Int-2
                  | SInv}
 86526 | Depths:3 | Reached skill level 15 in Spellcasting
 86602 | Depths:3 | Found a magical portal.
 86611 | WizLab   | Entered Alistair's Party Mansion
 86818 | WizLab   | Reached skill level 20 in Air Magic
 87682 | WizLab   | Acquired 669 gold pieces
 87683 | WizLab   | Acquired 929 gold pieces
 87684 | WizLab   | Acquired 714 gold pieces
 87716 | WizLab   | Reached skill level 16 in Spellcasting
 87892 | Depths:3 | Found a one-way gateway to a ziggurat.
 87994 | Depths:3 | Noticed a golden dragon
 88013 | Depths:3 | Killed a golden dragon
 88369 | Depths:3 | Learned a level 3 spell: Swiftness
 88372 | Depths:3 | Learned a level 2 spell: Sublimation of Blood
 88689 | Elf:2    | Bought a scroll of fog for 68 gold pieces
 88689 | Elf:2    | Bought a manual of Fighting for 1360 gold pieces
 88967 | Snake:4  | Bought a potion of invisibility for 256 gold pieces
 88967 | Snake:4  | Bought a wand of roots (8) for 614 gold pieces
 88967 | Snake:4  | Bought a potion of curing for 96 gold pieces
 88969 | Snake:4  | Bought 3 scrolls of magic mapping for 427 gold pieces
 88991 | Snake:4  | Bought 2 potions of resistance for 140 gold pieces
 89383 | Depths:4 | Entered Level 4 of the Depths
 89434 | Depths:4 | Reached XP level 24. HP: 180/188 MP: 32/43
 90074 | Depths:4 | Noticed Margery
 90087 | Depths:4 | Killed Margery
 90226 | Depths:4 | Reached skill level 15 in Armour
 90226 | Depths:4 | Reached skill level 9 in Evocations
 90696 | Depths:4 | Found a gate to the Realm of Zot.
 90696 | Depths:4 | Noticed a golden dragon
 90696 | Depths:4 | Noticed a golden dragon
 90997 | Depths:4 | Killed a golden dragon
 91128 | Depths:4 | Killed a golden dragon
 91208 | Depths:4 | Noticed Frederick
 91213 | Depths:4 | Killed Frederick
 91542 | Depths:4 | Got the Codex of Fey Orogeny
 91742 | Depths:4 | Found a gate to the Realm of Zot.
 92628 | Slime:1  | Entered Level 1 of the Pits of Slime
 92631 | Slime:1  | Gained mutation: Your magical capacity is low. (-10% MP) [a
                  | shining eye]
 93151 | Slime:1  | Reached skill level 16 in Armour
 93151 | Slime:1  | Reached skill level 10 in Evocations
 94588 | Slime:5  | Entered Level 5 of the Pits of Slime
 94985 | Slime:5  | Reached skill level 17 in Spellcasting
 95044 | Slime:5  | Reached skill level 11 in Evocations
 95143 | Slime:5  | Noticed the Royal Jelly
 95378 | Slime:3  | Paralysed by a great orb of eyes for 4 turns
 96309 | Slime:5  | Reached skill level 12 in Evocations
 96504 | Slime:5  | Killed the Royal Jelly
 96505 | Slime:5  | Reached XP level 25. HP: 196/196 MP: 34/39
 97517 | Slime:5  | Found the +7 Spriggan's Knife {stab, EV+4 Stlth+}
 97528 | Slime:5  | Got the Folio of the Serac and the Zephyr
 97529 | Slime:5  | Identified the staff of earth "Filu Nes" {Will- Int+3}
 97539 | Slime:5  | Got Omethah's Omnibus of Company
 97572 | Slime:5  | Got a slimy rune of Zot
 97597 | Slime:5  | Identified the amulet of Amorality {Reflect rPois Will-
                  | rCorr SH+5 Stlth+}
 97627 | Slime:5  | Identified the amulet "Lutoiram" {rPois Regen+ Str+3 Dex-3}
 97631 | Slime:5  | Identified the staff of air "Fobb" {rElec rC+}
 97647 | Slime:5  | Identified the staff of earth "Ironkaun" {rElec rPois Dex-4
                  | SInv}
 98383 | Zot:1    | Entered Level 1 of the Realm of Zot
 98383 | Zot:1    | Noticed Sebriys's ghost (legendary TrBe)
 98383 | Zot:1    | Found a runed translucent door.
 98391 | Depths:4 | Reached skill level 16 in Fighting
 98447 | Zot:1    | Killed from afar by a black draconian knight

Illustrated notes

Levels and vault maps discovered:
D:1:      dpeg_arrival_triangle_fractal, layout_basic, minmay_misc_feat_iff,
          minmay_misc_feat_alley
D:2:      layout_loops_ring, basic_altar, uniq_robin
D:3:      layout_loops_ring, chequers_ecumenical_altar_grove
D:4:      minmay_wonky_spiral, layout_cave_pools,
          grunt_dithmenos_smoke_and_mirrors, mainiacjoe_overflow_24_doors,
          nicolae_overflow_squiral, serial_bayou_pond_c, uniq_duvessa,
          uniq_crazy_yiuf_cottage, uniq_blork_the_orc, uniq_ijyb
D:5:      layout_loops_ring, uniq_grinder, uniq_menkaure
D:6:      layout_loops_ring, nicolae_ru_great_annihilating_truth,
          minmay_temple_entry_waves, serial_shops, nicolae_shop_tiny_glass,
          dk_rats_in_the_wall
D:7:      layout_cave_pods, kennysheep_little_box, lemuel_tele_altar,
          serial_shops, nicolae_shop_just_a_little_nook
D:8:      layout_rooms, kennysheep_orc_sif_temple, kennysheep_generic_room_5
D:9:      layout_rooms, mainiacjoe_overflow_catch_the_wave, lair_entry_dummy,
          serial_shops, shop, evilmike_butchery, uniq_joseph
D:10:     cheibrodos_shockbox, layout_rooms,
          kennysheep_orc_monster_closet_entryway, moated_statue,
          small_statue_alley_a, kennysheep_generic_room_6, uniq_lodul
D:11:     layout_irregular_city, serial_shops,
          nicolae_shop_tiny_real_fake_doors, hangedman_decor_riveting
D:12:     layout_cave_pods, uniq_azrael
D:13:     layout_layer_cave, minivault_23, nicolae_figureground_sparkle
D:14:     layout_long_grid, erik_vaults_2, serial_ice, serial_ice_j,
          serial_ice_a, serial_ice_b, serial_ice_m, serial_ice_o, serial_ice_f,
          serial_ice_g, portal_ice_cave_entry_pillars_1,
          okawaru_ov_weapons_minmay, grunt_decor_one_mirror, minivault_8
D:15:     gammafunk_enter_depths_forms, layout_long_grid,
          minmay_tree_intersection, serial_demonic, serial_demonic_c,
          serial_demonic_c, serial_demonic_c, serial_demonic_f,
          serial_demonic_g, serial_demonic_d, serial_demonic_g,
          serial_demonic_c, nicolae_shop_sticking_my_neck_out, uniq_kirke,
          uniq_roxanne
Lair:1:   layout_small_grid
Lair:2:   layout_long_grid, grunt_megastairs_2, uniq_harold
Lair:3:   layout_gridlike, nicolae_swamp_entry_spooky,
          nicolae_snake_entry_squirm, basic_altar
Lair:4:   layout_gridlike, slime_entry_2, nicolae_lair_yak_garden
Lair:5:   evilmike_catoblepas_cave, layout_small_grid, serial_bayou_lagoon_b,
          serial_bayou_shore_b
Swamp:1:  nicolae_swamp_ascending_descending, layout_falls_marsh,
          gammafunk_ghost_wrathful_warriors, evilmike_swamp_ruin_house_1,
          uniq_jorgrun
Swamp:2:  layout_basic_swamp, hangedman_swamp_cone, swamp_pool5,
          nzn_swamp_blast_mining
Swamp:3:  nicolae_swamp_tree_isthmus, layout_falls_marsh, serial_swamp_ruin,
          evilmike_swamp_ruin_house_6, evilmike_swamp_ruin_house_4, uniq_louise
Swamp:4:  swamp_alternative, layout_basic_swamp, infiniplex_staircase_pool
Snake:1:  layout_cave_shapes, grunt_megastairs_4
Snake:2:  layout_layer_cave, serial_bayou_shore_b, uniq_saint_roka
Snake:3:  layout_grid_shapes, serial_shops, nicolae_shop_tiny_glass, basic_altar
Snake:4:  minmay_snake_end_coiled, layout_misc_corridors,
          nicolae_shop_clearance, serial_bayou_shore_a, minmay_shop_star,
          uniq_mlioglotl
Slime:1:  layout_caves
Slime:2:  layout_caves
Slime:3:  layout_caves, nicolae_slime_rock_hall_of_fame
Slime:4:  layout_caves
Slime:5
Orc:1:    layout_caves, serial_shops, nicolae_square_shop, uniq_erica,
          uniq_gastronok
Orc:2:    st_orc_rangers, layout_diamond_mine
Elf:1:    layout_loops_corners, hangedman_elf_disciples, nicolae_rare_books,
          uniq_aizul
Elf:2:    nicolae_elf_blades_crystal_corner, layout_onion_city, serial_shops,
          shop, nicolae_alphabet_shops, nicolae_take_the_stairs
Elf:3:    elf_hall, layout_geoelf_octagon, basic_altar, drop_trap
Vaults:1: nicolae_vaults_security_offices_3, nicolae_vaults_cochlea,
          v_alt_pattern_4, v_alt_pattern_3, nicolae_vaults_apartment_2,
          nicolae_vaults_hexular_roomagon, nicolae_vaults_meiosis,
          nicolae_vaults_double_plus_2, vaults_room_hallway,
          nicolae_vaults_tetromino_L_1, nicolae_vaults_weapon_check,
          layout_vaults_ring
Vaults:2: nicolae_vaults_trapezoid_lopsided_2, nicolae_vaults_border_crossing,
          nicolae_vaults_more_shelving_1, vaults_dpeg_ring,
          nicolae_vaults_network_square, v_misc_12,
          nicolae_vaults_yaktaur_gun_rack, v_pattern_3,
          nicolae_vaults_layer_cake_slice, layout_vaults_quadrants,
          serial_shops, bzr_entry_road
Vaults:3: portal_desolation_entry_ruin, grunt_vaults_swirl, v_misc_23,
          nicolae_vaults_diamond_1, v_alt_pattern_2, v_alt_pattern_2,
          grunt_vaults_bifocal, nicolae_vaults_shelves_hall,
          nicolae_vaults_heart-shaped_vault, nicolae_vaults_tetromino_T_1,
          nicolae_vaults_shrinking_rooms_1, v_alt_pattern_5,
          nicolae_vaults_shipping_containers_4, layout_vaults_omnicross,
          uniq_donald
Vaults:4: v_pattern_4, nicolae_vaults_surprise_closet, v_misc_5,
          nicolae_vaults_triangles, ontoclasm_vaults_decontamination,
          nicolae_vaults_two_Ls, v_misc_27, vaults_standard_mumra_x,
          nicolae_vaults_variable_pillar_hall,
          nicolae_vaults_trapezoid_lopsided_2, layout_vaults_big_room,
          nicolae_trove_entry_free_sample
Crypt:1:  minmay_guarded_unrand_majin_bo, layout_misc_corridors,
          lemuel_upstairs_altar
Depths:1: layout_basic, hell_entry, pdpol_wu_jian_five_deadly_venoms,
          muffindrake_ghost_dual_entry, dpeg_stationary_puzzle,
          serial_bayou_shore_b, minmay_shop_grove, uniq_sojobo, uniq_nikola,
          uniq_mara
Depths:2: minmay_the_grid_octo_2x2 [minmay_the_grid_octo_concentric,
          minmay_the_grid_octo_empty, minmay_the_grid_octo_teeth,
          minmay_the_grid_octo_prize_single_spiral], layout_twisted_cross,
          minmay_misc_feat_room, grunt_pan_entry_in_and_out,
          pf_vacation_house_of_asmodeus, abyss_entry_glasseish, hallowed_hall,
          firewood_loft
Depths:3: hangedman_elemental_death_ray, layout_cave_pools, enter_ziggurat_b,
          hell_entry, mu_enter_wizlab_5, abyss_entry
Depths:4: grunt_x_marks_the_spot, layout_honeycomb, kennysheep_crisscross,
          abyss_entry, hell_entry, uniq_margery, uniq_frederick
Zot:1:    layout_misc_corridors, gammafunk_ghost_grave, zot_minivault_8

Skill      XL: |  1  2  3  4  5  6  7  8  9 10 11 12 13 14 15 16 17 18 19 20 21 22 23 24 25 |
---------------+----------------------------------------------------------------------------+-----
Stealth        | 1 2 3 5 |  5.0
Spellcasting   | 2 3 4 7 8 9 10 11 12 13 16 17 | 17.0
Fire Magic     | 5 6 7 8 10 11 12 13 | 13.8
Evocations     | 2 3 5 7 8 12 | 12.0
Fighting       | 4 6 8 10 11 12 13 15 16 | 16.3
Armour         | 3 4 6 7 13 14 16 | 16.0
Shields        | 1 6 7 10 13 | 13.0
Air Magic      | 1 6 10 15 17 18 20 | 20.0
Conjurations   | 6 9 10 11 | 11.0
Transmutations | 6 8 |  8.0
Dodging        | 4 6 8 9 10 | 10.0
Polearms       | |  3.0

Action                     |  1- 3 |  4- 6 |  7- 9 | 10-12 | 13-15 | 16-18 | 19-21 | 22-24 | 25-27 || total
---------------------------+-------+-------+-------+-------+-------+-------+-------+-------+-------++-------
  Melee: Spear             |    35 |    67 |    26 |    19 |       |       |       |       |       ||   147
         Punch             |       |       |     1 |       |       |       |       |       |       ||     1
         Falchion          |       |       |       |   111 |   112 |       |       |       |       ||   223
         Staff             |       |       |       |       |    11 |   131 |   199 |   185 |     8 ||   534
  Throw: Boomerang         |       |       |     1 |       |       |       |       |       |       ||     1
         Dart              |       |       |       |       |    34 |       |       |       |       ||    34
   Cast: Scorch            |    15 |    51 |   137 |   302 |   637 |    34 |     8 |       |       ||  1184
         Foxfire           |       |       |       |    12 |   184 |       |       |       |       ||   196
         Fireball          |       |       |       |       |    10 |    23 |     7 |     2 |     1 ||    43
         Plasma Beam       |       |       |       |       |    61 |   454 |   389 |   411 |    28 ||  1343
         Irradiate         |       |       |       |       |       |    12 |    31 |    37 |     7 ||    87
         Arcjolt           |       |       |       |       |       |       |    18 |    48 |     9 ||    75
         Maxwell's Capacit |       |       |       |       |       |       |       |    14 |       ||    14
  Evoke: Wand              |       |     1 |     5 |     7 |    40 |     9 |    17 |    13 |     1 ||    93
         Tin of tremorston |       |       |       |     2 |     3 |     2 |       |     3 |     1 ||    11
         Phantom mirror    |       |       |       |       |       |     1 |       |       |       ||     1
         Lightning rod     |       |       |       |       |       |       |       |     6 |       ||     6
         Box of beasts     |       |       |       |       |       |       |       |     1 |       ||     1
    Use: Scroll            |       |     3 |     3 |     5 |    16 |     5 |     6 |    11 |     3 ||    52
         Potion            |       |       |       |     1 |     5 |       |       |     2 |     1 ||     9
   Stab: Sleeping          |     2 |     4 |     1 |       |       |       |       |       |       ||     7
         Paralysed         |       |       |     1 |       |     6 |       |     6 |     5 |       ||    18
         Distracted        |       |       |       |       |     1 |       |       |       |       ||     1
 Armour: Robe              |     6 |    15 |    22 |       |       |       |       |       |       ||    43
         Steam dragon scal |       |       |     2 |       |       |       |       |       |       ||     2
         Ring mail         |       |       |       |   101 |   500 |   110 |   122 |     3 |       ||   836
         Swamp dragon scal |       |       |       |       |       |       |       |   134 |    54 ||   188
  Dodge: Dodged            |    10 |    26 |    27 |    77 |   309 |    82 |   194 |   180 |    90 ||   995
  Block: Tower shield      |       |       |     1 |   220 |   491 |       |       |       |       ||   712
         Buckler           |       |       |       |       |    57 |    15 |       |       |       ||    72
         Kite shield       |       |       |       |       |       |   171 |   303 |   308 |    72 ||   854
         Reflection        |       |       |       |       |       |    15 |    44 |     2 |       ||    61
